 Dungeon Crawl Stone Soup version 0.31.0-12-g77e489cdc1 (webtiles) character file.

Game seed: 9268803407361378260

100 Gadfly the Trooper (level 4, -2/73 HPs)
             Began as an Oni Berserker on Feb 24, 2024.
             Was a Believer of Trog.
             Killed by divine providence
             ... invoked by an orc priest
              (14 damage)
             ... on level 3 of the Dungeon on Feb 25, 2024.
             The game lasted 00:03:16 (2764 turns).

Gadfly the Trooper (Oni Berserker)                  Turns: 2764, Time: 00:03:16

Health: -2/73      AC:  3    Str: 21    XL:     4   Next: 74%
Magic:  4/4        EV: 10    Int:  8    God:    Trog [**....]
Gold:   92         SH:  0    Dex: 10    Spells: 3/3 levels left

rFire   . . .        a - +0 mace (flame)
rCold   . . .        (no shield)
rNeg    . . .        b - +0 animal skin
rPois   .            (helmet restricted)
rElec   .            (no cloak)
rCorr   .            (gloves unavailable)
SInv    .            (boots unavailable)
Will    .....        (no amulet) Stlth
                     (no ring)
HPRegen 0.32/turn    (no ring)
MPRegen 0.09/turn

%: no passive effects
@: berserking, lethally poisoned (-2 -> -8), very quick
A: large, unfitting armour, horns 1, tough skin 1, double potion healing,
drunken brawling
a: Renounce Religion, Berserk, Trog's Hand


You were on level 3 of the Dungeon.
You worshipped Trog.
Trog was pleased with you.
You visited 1 branch of the dungeon, and saw 3 of its levels.

You collected 92 gold pieces.

Inventory:

Hand Weapons
 a - a +0 mace of flaming (weapon)
Armour
 b - a +0 animal skin (worn)
Wands
 i - a wand of mindburst (25) (quivered)
Potions
 c - a potion of attraction {unknown}
 d - a potion of curing {unknown}
 e - a potion of lignification
 f - a potion of brilliance {unknown}
 g - a potion of mutation {unknown}
 h - a potion of degeneration {unknown}
 j - a potion of might {unknown}


   Skills:
 + Level 4.7 Fighting
 * Level 3.7 Maces & Flails
 * Level 1.7 Armour
 - Level 2.6 Dodging
 * Level 1.5 Evocations


You had 3 spell levels left.
You didn't know any spells.
Your spell library was empty.

Dungeon Overview and Level Annotations

Branches:
Dungeon (3/15)

Altars:
Ashenzari


Innate Abilities, Weirdness & Mutations

You are too large for most types of armour.
You have a pair of small horns on your head.
You have tough skin. (AC +1)
You gain doubled healing and magic from potions.
Whenever you drink a healing potion, you attack all around you.


Message History

You are poisoned.
Things that are here:
a +0 whip; an orc corpse You sock the orc!
You burn the orc.
You kill the orc!
Trog accepts your kill.
You feel very sick.
The orc priest mumbles some strange prayers to Beogh against you.
Beogh smites you! The orc hits you with a +0 hand axe.
You are too injured to fight recklessly!
You are too injured to fight recklessly!
You are too injured to fight recklessly!
You are too injured to fight recklessly!
You are too injured to fight recklessly!
You are too injured to fight recklessly!
You are too injured to fight recklessly!
You are too injured to fight recklessly!
You are too injured to fight recklessly!
You are too injured to fight recklessly!
You are too injured to fight recklessly!
You are too injured to fight recklessly!
You are too injured to fight recklessly!
You are too injured to fight recklessly!
You are too injured to fight recklessly!
Unknown command.
There are monsters nearby!
A red film seems to cover your vision as you go berserk!
You feel yourself moving faster!
You feel mighty!
You feel very sick. The orc hits you with a +0 hand axe.
You hit the orc. You burn the orc.
You kill the orc!
Trog accepts your kill.
You feel sick.
You feel sick.
The orc priest hits you with a +0 flail!
* * * LOW HITPOINT WARNING * * *
The orc priest mumbles some strange prayers to Beogh against you.
Beogh smites you!
You die...

##.# ...# #..#
#..# ##..# ##+#
.o. ##...## #o#
#.....## ####@#
.......## ##.##)#
........####...#.#
........'........#
........####...#.#
.......## ##.##.#
#.....## ####.#
##...## #.# .##'##
#.#


You could see 2 orc priests.

Vanquished Creatures
  2 adders
  5 dart slugs
  3 ribbon worms (D:2)
  4 orcs (D:3)
  3 bats (D:1)
  8 endoplasms
  A giant cockroach (D:1)
  3 goblins
  10 hobgoblins
  6 kobolds
  A quokka (D:1)
  6 ball pythons
  5 frilled lizards
  2 rats
59 creatures vanquished.

Notes
Turn   | Place    | Note
-------+----------+-------------------------------------------
     0 | D:1      | Gadfly the Oni Berserker began the quest for the Orb.
     0 | D:1      | Reached XP level 1. HP: 24/24 MP: 1/1
   234 | D:1      | You fall into a shaft and drop 1 floor!
   269 | D:2      | Reached XP level 2. HP: 32/32 MP: 2/2
   636 | D:1      | Reached XP level 3. HP: 35/40 MP: 3/3
   749 | D:1      | Reached ** piety under Trog
   750 | D:1      | Reached skill level 1 in Armour
   752 | D:1      | Reached skill level 1 in Evocations
  1389 | D:2      | Reached XP level 4. HP: 49/49 MP: 4/4
  2325 | D:3      | Found a broken altar of Ashenzari.
  2764 | D:3      | Killed from afar by an orc priest

Illustrated notes

Levels and vault maps discovered:
D:1:      co_arrival_random_square_maze, layout_basic, minmay_misc_feat_tiny
D:2:      layout_loops_cross, corexii_item_surrounded_by_moat,
          kennysheep_generic_room_13
D:3:      layout_loops_corners, doesnt_xom_only_xom, evilmike_ruin_ashenzari,
          nicolae_twisty_statue_hallways

Skill      XL: |  1  2  3 |
---------------+----------+-----
Armour         | 1 |  1.7
Evocations     | 1 |  1.5
Fighting       | |  4.7
Maces & Flails | |  3.7
Dodging        | |  2.6

Action                     |  1- 3 |  4- 6 || total
---------------------------+-------+-------++-------
  Melee: Mace              |   102 |    49 ||   151
         Headbutt          |    16 |     5 ||    21
 Invoke: Berserk           |       |     1 ||     1
    Use: Scroll            |     1 |     4 ||     5
         Potion            |       |     1 ||     1
 Armour: Animal skin       |    73 |    35 ||   108
         Skin              |       |     2 ||     2
  Dodge: Dodged            |    63 |    16 ||    79
